 Seeded DCSS version 0.30.1-11-g7821555f0a (webtiles) character file.

Game seed: 3782068419145777066 (custom seed)

936 fireball365 the Cleaver (level 8, -6/69 HPs)
             Began as a Hill Orc Fighter on Nov 23, 2023.
             Was an Initiate of Gozag.
             Mangled by a gnoll
             ... wielding a +0 halberd
             ... led by a gnoll bouda
              (9 damage)
             ... on level 5 of the Dungeon.
             The game lasted 00:08:32 (4099 turns).

fireball365 the Cleaver (Hill Orc Fighter)          Turns: 4099, Time: 00:08:34

Health: -6/69      AC: 13    Str: 21    XL:     8   Next: 12%
Magic:  8/8        EV:  8    Int:  8    God:    Gozag
Gold:   580        SH:  4    Dex: 10    Spells: 7/7 levels left

rFire   . . .        m - +1 war axe (heavy)
rCold   . . .        c - +0 buckler
rNeg    . . .        o - +0 chain mail
rPois   .            j - +0 hat
rElec   .            u - +1 cloak
rCorr   .            g - +0 pair of gloves
SInv    .            (no boots)
Will    .....        (no amulet) Stlth
                     (no ring)
HPRegen 0.31/turn    (no ring)
MPRegen 0.11/turn

%: no passive effects
@: gold aura
A: no striking features
a: Renounce Religion, Potion Petition, Call Merchant, Bribe Branch


You were on level 5 of the Dungeon.
You worshipped Gozag.
Gozag was pleased with you.
You visited 2 branches of the dungeon, and saw 6 of its levels.
You also visited: Ossuary.

You collected 714 gold pieces.
You paid 134 gold pieces to Gozag.

Inventory:

Hand Weapons
 a - a +0 war axe
 m - a +1 heavy war axe (weapon)
Missiles
 e - 2 throwing nets (quivered)
Armour
 b - a +0 scale mail
 c - a +0 buckler (worn)
 g - a +0 pair of gloves (worn)
 j - a +0 hat (worn)
 o - a +0 chain mail (worn)
 u - a +1 cloak (worn)
Jewellery
 w - an amulet of faith
Wands
 r - a wand of mindburst (11)
 y - a wand of paralysis (7)
 A - a wand of flame (5)
Scrolls
 f - a scroll of blinking
 h - 2 scrolls of torment {unknown}
 i - a scroll of immolation {unknown}
 n - 4 scrolls of fear
 t - a scroll of amnesia
 x - a scroll of acquirement {unknown}
 z - 2 scrolls of teleportation
Potions
 d - a potion of might
 k - a potion of haste {unknown}
 l - a potion of lignification {unknown}
 p - 2 potions of flight {unknown}
 q - 6 potions of curing {unknown}
 s - 2 potions of heal wounds {unknown}
 v - a potion of ambrosia {unknown}


   Skills:
 + Level 5.6 Fighting
 + Level 8.4 Axes
 + Level 6.0 Armour
 + Level 1.1 Dodging
 + Level 0.2 Stealth
 + Level 4.3 Shields


You had 7 spell levels left.
You didn't know any spells.
Your spell library contained the following spells:

 Spells                   Type           Power      Damage    Failure   Level
 Kiss of Death            Conj/Necr      0%         2d5       97%         1
 Confusing Touch          Hex            0%         N/A       100%        3
 Ozocubu's Armour         Ice            0%         N/A       100%        3
 Cause Fear               Hex            0%         N/A       100%        4
 Dispel Undead            Necr           0%         3d6       100%        4
 Dragon Form              Tmut           0%         N/A       100%        7
 Ozocubu's Refrigeration  Ice            0%         4d7       100%        7
 Dragon's Call            Summ           0%         N/A       100%        9


Dungeon Overview and Level Annotations

Branches:
Dungeon (5/15)             Temple (1/1) D:5         Ossuary (visited)

Altars:
Ashenzari
Cheibriados
Dithmenos
Elyvilon
Gozag
Hepliaklqana
Okawaru
Ru
Sif Muna
Uskayaw
Vehumet
Wu Jian
Zin
The Shining One

Shops:
D:1 (:[?   D:3 [


Message History

The gnoll closely misses you.
You hit something but do no damage. Something hits you but does no damage.
The gnoll hits you but does no damage. Something hits you.
You miss something.
The gnoll hits you from afar with a +0 halberd!
You hear some strange, mumbled words.
A magic dart appears from out of thin air!
The magic dart hits you.
* * * LOW HITPOINT WARNING * * *
The gnoll barely misses you. Something hits you.
* * * LOW HITPOINT WARNING * * *
You barely miss something. The gnoll barely misses you.
Something completely misses you.
The gnoll hits you from afar with a +0 halberd!
* * * LOW HITPOINT WARNING * * *
Something hits you but does no damage.
Aiming: Throw Flame
Press: ? - help, Q - select action, (/) - cycle Shift-Dir - straight line The puff of flame hits something!
Reactivating autopickup.
You feel a bit more experienced. You block the gnoll's attack.
Your Armour skill increases to level 6!
You barely miss the gnoll. The gnoll hits you with a +0 club.
* * * LOW HITPOINT WARNING * * *
You block the gnoll's attack. x3
You closely miss the gnoll. The gnoll barely misses you.
You closely miss the gnoll. x2; The gnoll hits you with a +0 club.
* * * LOW HITPOINT WARNING * * *
The gnoll barely misses you. x2; The gnoll hits you but does no damage.
The gnoll closely misses you. x2
You slice the gnoll!!
You kill the gnoll!
You barely miss the gnoll. The gnoll closely misses you.
The gnoll hits you from afar with a +0 halberd.
* * * LOW HITPOINT WARNING * * *
The gnoll is distracted by your dazzling golden aura.
The gnoll hits you from afar with a +0 halberd!
You die...
Your body crumbles into a pile of gold.

#.# #.# #.# #.#
# #.#######.#
#.#.....#g##:##
#.#.# #@$......
#...# #g####.##
#.#.###.#
#.#.....#
#.###..## #.#
#..# #.# #..#
#.# #..# #.#
#.<# ##


You could see 2 gnolls.

Vanquished Creatures
  Duvessa (D:4)
  Dowan (D:4)
  A howler monkey (D:4)
  A hound (D:5)
  A centaur zombie (Ossuary)
  4 human zombies (Ossuary)
  Crazy Yiuf (D:3)
  2 orc priests
  A gnoll bouda (D:5)
  An iguana (D:4)
  Natasha (twice) (D:4)
  4 orc wizards
  2 hound zombies (Ossuary)
  3 mummies (Ossuary)
  A gnoll (D:5)
  8 adders
  7 adder zombies (Ossuary)
  2 worms (D:2)
  4 dart slugs
  8 orcs
  6 endoplasms
  5 giant cockroaches
  6 goblins
  10 hobgoblins
  5 jackals
  A quokka (D:5)
  7 ball pythons
  4 bats
  A frilled lizard (D:2)
  A gnoll zombie (Ossuary)
  2 goblin zombies (Ossuary)
  5 hobgoblin zombies (Ossuary)
  A jackal zombie (Ossuary)
  4 kobolds
  5 kobold zombies (Ossuary)
  An orc zombie (Ossuary)
  4 quokka zombies (Ossuary)
  7 rats
  2 rat zombies (Ossuary)
132 creatures vanquished.

Notes
Turn   | Place    | Note
-------+----------+-------------------------------------------
     0 | D:1      | fireball365 the Hill Orc Fighter began the quest for the
                  | Orb.
     0 | D:1      | Reached XP level 1. HP: 19/19 MP: 1/1
    34 | D:1      | Found Veyto's Magic Scroll Shoppe.
   111 | D:1      | Found Daizow's Antique Armour Emporium.
   150 | D:1      | Reached XP level 2. HP: 24/27 MP: 2/2
   242 | D:1      | Found Holor's Weapon Emporium.
   415 | D:1      | Reached XP level 3. HP: 24/33 MP: 3/3
   559 | D:1      | Found Aweeb's Book Shoppe.
   606 | D:1      | Reached skill level 3 in Axes
  1274 | D:2      | Reached XP level 4. HP: 40/40 MP: 4/4
  1704 | D:2      | Reached skill level 4 in Axes
  1809 | D:3      | Found an ornate altar of the Wu Jian Council.
  1886 | D:3      | Found Xazut's Antique Armour Shoppe.
  2021 | D:3      | Reached XP level 5. HP: 46/46 MP: 5/5
  2166 | D:3      | Found a faded altar of an unknown god.
  2167 | D:3      | Found a shadowy altar of Dithmenos.
  2368 | D:3      | Found a runed translucent door.
  2369 | D:3      | Noticed Crazy Yiuf
  2373 | D:3      | Killed Crazy Yiuf
  2374 | D:3      | Reached skill level 5 in Axes
  2649 | D:4      | Noticed Dowan
  2649 | D:4      | Noticed Duvessa
  2656 | D:4      | Killed Duvessa
  2657 | D:4      | Reached skill level 6 in Axes
  2657 | D:4      | Reached XP level 6. HP: 28/53 MP: 6/6
  2659 | D:4      | Killed Dowan
  2660 | D:4      | Reached skill level 5 in Armour
  2882 | D:4      | Noticed Natasha
  2889 | D:4      | Killed Natasha
  3047 | D:4      | Reached XP level 7. HP: 40/60 MP: 7/7
  3065 | D:4      | Noticed Natasha
  3073 | D:4      | Killed Natasha
  3074 | D:4      | Reached skill level 1 in Dodging
  3506 | D:5      | Entered Level 5 of the Dungeon
  3508 | D:5      | Found a staircase to the Ecumenical Temple.
  3538 | Temple   | Entered the Ecumenical Temple
  3570 | Temple   | Became a worshipper of Gozag Ym Sagoz the Greedy
  3602 | D:5      | Reached skill level 7 in Axes
  3633 | D:5      | Found a sand-covered staircase.
  3643 | Ossuary  | Entered an ossuary
  3700 | Ossuary  | Reached skill level 5 in Fighting
  3908 | Ossuary  | Reached skill level 8 in Axes
  3953 | Ossuary  | Reached XP level 8. HP: 59/68 MP: 8/8
  4099 | D:5      | HP: 3/69 [gnoll/+0 halberd[a gnoll bouda] (3)]
  4099 | D:5      | Mangled by a gnoll

Illustrated notes

Levels and vault maps discovered:
D:1:      dpeg_arrival_oval, layout_basic, serial_shops, shop, shop_coins,
          nicolae_shop_overgrown_old_shop, shop
D:2:      layout_rooms
D:3:      layout_basic, mainiacjoe_overflow_catch_the_wave,
          ebering_ecumenical_altar_rust, serial_shops, shop,
          uniq_crazy_yiuf_cottage
D:4:      layout_cave_pods, uniq_duvessa, uniq_natasha
D:5:      layout_loops_ring, minmay_temple_entry_waves, enter_ossuary_3,
          kennysheep_cluttered_room
Temple:   nicolae_temple_bog_church

Skill      XL: |  1  2  3  4  5  6  7  8 |
---------------+-------------------------+-----
Fighting       | 4 5 |  5.6
Axes           | 3 4 6 8 |  8.4
Armour         | 4 5 6 |  6.0
Shields        | 4 |  4.3
Dodging        | 1 |  1.1
Stealth        | |  0.2

Action                     |  1- 3 |  4- 6 |  7- 9 || total
---------------------------+-------+-------+-------++-------
  Melee: War axe           |    97 |    88 |   113 ||   298
  Evoke: Wand              |       |       |     1 ||     1
    Use: Scroll            |     1 |     2 |     3 ||     6
 Armour: Scale mail        |    69 |     7 |       ||    76
         Chain mail        |       |    65 |    88 ||   153
  Dodge: Dodged            |    52 |    50 |    79 ||   181
  Block: Buckler           |    21 |    34 |    32 ||    87
